Map: Lerilak Crest

Players

Gandawg

  • Race: Terran Terran
  • League: Master

Miszu - Winner!

  • Race: Terran Terran

VOD

Have the link to the VOD?

Description

Time

  • Played on: March 25, 2016, 3:44 p.m.
  • Length: 7:35
Show
View Real Time Build Order
Export as new Build Order

Gandawg Terran 

Build Orders: Reaper Expand, Banshee Rush 

Get SALT Encoding   

  12  0:01  SCV  
  13  0:13  SCV  
  14  0:17  Supply Depot  
  14  0:25  SCV  
  15  0:39  SCV  
  15  0:40  Barracks  
  16  0:45  Refinery  
  16  0:51  SCV  
  17  1:03  SCV  
  18  1:15  SCV  
  19  1:27  Reaper, Orbital Command  
  20  1:46  Command Center  
  20  1:53  SCV  
  21  1:59  Marine  
  22  2:06  Factory  
  22  2:10  SCV  
  23  2:16  Supply Depot  
  23  2:25  Refinery  
  23  2:38  Marine, SCV  
  24  2:50  SCV  
  25  2:52  Starport, Factory Tech Lab  
  25  2:59  Orbital Command  
  25  3:02  Barracks Reactor, SCV  
  26  3:14  SCV  
  27  3:25  Hellion  
  27  3:26  SCV x2  
  31  3:34  Cloaking Field  
  31  3:37  Banshee  
  31  3:38  SCV x2  
  31  3:40  Marine x2  
  38  3:47  Barracks  
  38  3:49  Factory Reactor  
  38  3:50  Barracks  
  38  3:51  SCV  
  37  3:57  Marine  
  37  4:00  Marine  
  39  4:14  SCV  
  39  4:15  Marine  
  41  4:18  Marine  
  41  4:20  Banshee  
  45  4:26  SCV  
  46  4:33  Factory Tech Lab  
  46  4:35  Orbital Command  
  46  4:37  Barracks Tech Lab  
  46  4:40  Factory Reactor  
  46  4:49  Marine x3, SCV  
  50  4:59  Marine  
  51  5:01  SCV  
  51  5:03  SCV  
  53  5:08  Marine  
  53  5:11  Stimpack  
  54  5:15  Engineering Bay  
  54  5:17  Engineering Bay  
  54  5:20  Marine x2, SCV  
  57  5:23  Supply Depot x2  
  57  5:26  SCV  
  57  5:27  Marine  
  59  5:34  SCV  
  60  5:40  Marine x2  
  62  5:45  Medivac x2  
  66  5:56  Marine  
  67  5:57  Marauder  
  69  6:04  Barracks  
  69  6:09  Barracks  
  69  6:16  Refinery, SCV  
  69  6:17  Refinery  
  70  6:30  Marine x2  
  70  6:31  Marine x2, Marauder  
  76  6:32  Medivac  
  75  6:48  Marine x2  
  75  6:53  Marauder  
  68  6:59  Marine  
  64  7:07  Barracks Tech Lab  
  64  7:08  Barracks Tech Lab  
  61  7:09  SCV  
  61  7:14  Marauder  
Show
View Real Time Build Order
Export as new Build Order

Miszu Terran - Winner!

Build Orders:  

Get SALT Encoding   

  12  0:00  SCV  
  13  0:13  SCV  
  14  0:18  Supply Depot  
  14  0:25  SCV  
  15  0:39  SCV  
  16  0:43  Barracks  
  16  0:47  Refinery  
  16  0:52  SCV  
  17  1:04  SCV  
  18  1:16  SCV  
  19  1:30  Orbital Command  
  19  1:31  Barracks Reactor  
  19  1:42  Command Center  
  19  1:50  Supply Depot  
  19  1:56  SCV  
  20  2:07  Marine  
  20  2:08  Marine  
  22  2:10  SCV  
  23  2:15  Factory  
  23  2:18  Refinery  
  23  2:22  SCV  
  24  2:26  Marine  
  24  2:30  Marine  
  24  2:34  SCV  
  26  2:46  SCV  
  27  2:58  SCV  
  27  3:01  Starport  
  27  3:02  Barracks Tech Lab  
  28  3:07  Hellion  
  28  3:10  SCV  
  28  3:11  Hellion  
  33  3:17  Orbital Command  
  33  3:23  SCV  
  34  3:33  Hellion x2  
  38  3:35  SCV  
  39  3:44  SCV  
  39  3:47  SCV  
  41  3:56  SCV  
  41  4:00  Engineering Bay  
  41  4:01  Hellion, Raven  
  46  4:08  Supply Depot  
  46  4:10  Hellion, SCV x2  
  50  4:17  Factory  
  50  4:19  Barracks Reactor  
  50  4:22  SCV  
  51  4:24  SCV  
  51  4:27  Missile Turret  
  52  4:33  Missile Turret  
  52  4:40  SCV  
  52  4:41  SCV  
  52  4:44  Viking  
  55  4:53  SCV  
  55  4:58  SCV  
  55  4:59  Hellion  
  60  5:05  SCV  
  61  5:09  Supply Depot  
  61  5:12  SCV  
  62  5:14  Supply Depot  
  62  5:17  SCV  
  61  5:23  Infernal Pre-Igniter  
  61  5:26  SCV  
  62  5:30  Viking  
  62  5:31  Hellion x2  
  62  5:34  Supply Depot  
  68  5:38  Hellion  
  70  5:52  Hellion x2  
  72  5:57  Viking  
  72  5:59  Hellion  
  72  6:00  Viking  
  78  6:09  Missile Turret  
  78  6:11  Missile Turret  
  78  6:13  Hellion x2  
  78  6:14  Supply Depot  
  78  6:15  SCV  
  83  6:21  Hellion  
  83  6:23  SCV  
  83  6:25  Supply Depot  
  86  6:35  Viking x2  
  86  6:36  Hellion x2  
  94  6:42  Hellion  
  90  6:57  Hellion x2  
  93  7:03  Hellion  
  94  7:27  Factory  
  94  7:29  Factory  
Tags
 
League
Master
Matchup
TvT
Player
Miszu
Race
Terran
Strategy
Banshee Rush
Add a new tag
Caveats
  • Supply blocks, unpowered buildings, or Contaminate may cause inaccurate times.
  • Supply counts are checked every 10 seconds.